HBL
BLUFF CITY BEASTIES @ MILWAUKEE OTTERS
04/30/1997
 
TOP OF THE 1ST
Bluff City Beasties batting - Pitching for Milwaukee Otters : LHP Allen Watson
Pitching: LHP Allen Watson
Batting: RHB Pat Watkins 0-0: Ball
1-0: Foul Ball, location: 2F
1-1: Called Strike
1-2: Ball
2-2: Ball
3-2: Base on Balls
Batting: LHB Jeff Treadway 0-0: Called Strike
0-1: Foul Ball, location: 2F
0-2: Ball
1-2: SINGLE (Groundball, 3, EV 81.3 MPH) (infield hit)
Pat Watkins to second
Batting: SHB Felix Jose 0-0: Called Strike
0-1: Foul Ball, location: 2F
0-2: Ball
1-2: Fly out, F7 (Flyball, 7D, EV 91.3 MPH)
Runner from 2nd tags up, SAFE at 3rd with throw by LF
Batting: RHB Jeff Manto 0-0: Ball
1-0: Foul Ball, location: 2F
1-1: Ball
2-1: Ball
3-1: Swinging Strike
Passed Ball!
Pat Watkins scores
Jeff Treadway to second
3-2: Foul Ball, location: 2F
3-2: Foul Ball, location: 2F
3-2: Base on Balls
Batting: LHB Paul Sorrento 0-0: Ball
1-0: Called Strike
Passed Ball!
Jeff Treadway to third
Jeff Manto to second
1-1: Ball
2-1: Ball
3-1: Foul Ball, location: 2F
3-2: Strikes out swinging
Batting: RHB Charlie Hayes 0-0: Called Strike
0-1: Called Strike
0-2: Foul Ball, location: 2F
0-2: Fly out, F9 (Flyball, 9LM, EV 78.1 MPH)
Top of the 1st over - 1 run, 1 hit, 0 errors, 2 left on base; Bluff City 1 - Milwaukee 0
BOTTOM OF THE 1ST
Milwaukee Otters batting - Pitching for Bluff City Beasties : RHP Joe Grahe
Pitching: RHP Joe Grahe
Batting: RHB Chris Sabo 0-0: Called Strike
0-1: Called Strike
0-2: Ball
1-2: Ball
2-2: Foul Ball, location: 2F
2-2: Ground out 4-3 (Groundball, 34, EV 88.8 MPH)
Batting: RHB Carlos A. Martinez 0-0: Called Strike
0-1: Swinging Strike
0-2: Strikes out swinging, 2-3 out at first.
Batting: LHB Brady Anderson 0-0: Ball
1-0: Foul Ball, location: 2F
1-1: Foul Ball, location: 2F
1-2: Strikes out swinging
Bottom of the 1st over - 0 runs, 0 hits, 0 errors, 0 left on base; Bluff City 1 - Milwaukee 0
TOP OF THE 2ND
Bluff City Beasties batting - Pitching for Milwaukee Otters : LHP Allen Watson
Batting: SHB Brian McRae 0-0: Ground out 5-3 (Groundball, 5, EV 79.4 MPH)
Batting: RHB Walt McKeel 0-0: Ball
1-0: Foul Ball, location: 2F
1-1: Ball
2-1: Ball
3-1: Swinging Strike
3-2: Base on Balls
Batting: RHB Tom Evans 0-0: Ball
Wild Pitch!
Walt McKeel to second
1-0: Foul Ball, location: 2F
1-1: Ball
2-1: SINGLE (Groundball, 15S, EV 70.6 MPH) (infield hit)
Walt McKeel to third
Batting: RHB Pat Watkins 0-0: Fly out, F7 (Flyball, 7LDF, EV 110.0 MPH)
Runner from 3rd tags up, SCORES, no throw by LF
Batting: LHB Jeff Treadway 0-0: Called Strike
0-1: Foul Ball, location: 2F
0-2: Foul Ball, location: 2F
0-2: Ball
1-2: Ball
2-2: Ball
3-2: Foul Ball, location: 2F
3-2: Fly out, F8 (Flyball, 8LD, EV 73.8 MPH)
Top of the 2nd over - 1 run, 1 hit, 0 errors, 1 left on base; Bluff City 2 - Milwaukee 0
BOTTOM OF THE 2ND
Milwaukee Otters batting - Pitching for Bluff City Beasties : RHP Joe Grahe
Batting: LHB Oddibe McDowell 0-0: Called Strike
0-1: Ball
1-1: Ball
2-1: Ball
3-1: Called Strike
3-2: Foul Ball, location: 2F
3-2: Foul Ball, location: 2F
3-2: Strikes out swinging
Batting: LHB Frank Catalanotto 0-0: Ball
1-0: Fly out, F8 (Flyball, 8RM, EV 81.9 MPH)
Batting: RHB Robby Thompson 0-0: Called Strike
0-1: Foul Ball, location: 2F
0-2: Ball
1-2: Ball
2-2: Strikes out swinging
Bottom of the 2nd over - 0 runs, 0 hits, 0 errors, 0 left on base; Bluff City 2 - Milwaukee 0
TOP OF THE 3RD
Bluff City Beasties batting - Pitching for Milwaukee Otters : LHP Allen Watson
Batting: SHB Felix Jose 0-0: Called Strike
0-1: Foul Ball, location: 2F
0-2: Ball
1-2: Ball
2-2: Strikes out swinging
Batting: RHB Jeff Manto 0-0: Ball
1-0: Ball
2-0: Called Strike
2-1: Ball
3-1: Base on Balls
Batting: LHB Paul Sorrento 0-0: Called Strike
0-1: Called Strike
0-2: Ball
Wild Pitch!
Jeff Manto to second
1-2: Strikes out swinging
Batting: RHB Charlie Hayes 0-0: Foul Ball, location: 2F
0-1: Ball
1-1: Ball
2-1: Ball
3-1: Called Strike
3-2: Foul Ball, location: 2F
3-2: Base on Balls
Batting: SHB Brian McRae 0-0: Swinging Strike
0-1: Ball
1-1: Swinging Strike
1-2: Strikes out swinging
Top of the 3rd over - 0 runs, 0 hits, 0 errors, 2 left on base; Bluff City 2 - Milwaukee 0
BOTTOM OF THE 3RD
Milwaukee Otters batting - Pitching for Bluff City Beasties : RHP Joe Grahe
Batting: LHB Deion Sanders 0-0: Foul Ball, location: 2F
0-1: Fly out, F7 (Flyball, 7D, EV 107.5 MPH)
Batting: RHB Joe Vitiello 0-0: Fly out, F4 (Popup, 3S, EV 83.8 MPH)
Batting: LHB Lou Whitaker 0-0: Ball
1-0: SINGLE (Groundball, 4MD, EV 105.0 MPH)
Batting: RHB Chris Sabo 0-0: Ball
1-0: Swinging Strike
1-1: Ball
2-1: Ball
3-1: Ground out 3-1 (Groundball, 3, EV 84.4 MPH)
Bottom of the 3rd over - 0 runs, 1 hit, 0 errors, 1 left on base; Bluff City 2 - Milwaukee 0
TOP OF THE 4TH
Bluff City Beasties batting - Pitching for Milwaukee Otters : LHP Allen Watson
Batting: RHB Walt McKeel 0-0: Called Strike
0-1: Swinging Strike
0-2: Ball
1-2: Strikes out swinging
Batting: RHB Tom Evans 0-0: Called Strike
0-1: SINGLE (Groundball, 56S, EV 69.4 MPH) (infield hit)
Batting: RHB Pat Watkins 0-0: Foul Ball, location: 2F
0-1: SINGLE (Line Drive, 7LS, EV 101.3 MPH)
Tom Evans to second
Batting: LHB Jeff Treadway 0-0: Foul Ball, location: 2F
0-1: SINGLE (Flyball, 78S, EV 92.5 MPH)
Tom Evans to third
Pat Watkins to second
Batting: SHB Felix Jose 0-0: Called Strike
0-1: Ball
1-1: Called Strike
1-2: Fly out, F8 (Flyball, 89D, EV 102.5 MPH)
Runner from 3rd tags up, SCORES, throw by CF
Pat Watkins to third
Batting: RHB Jeff Manto 0-0: Swinging Strike
0-1: Foul Ball, location: 2F
0-2: Ball
Passed Ball!
Pat Watkins scores
Jeff Treadway to second
1-2: Ball
2-2: Foul Ball, location: 2F
2-2: Foul Ball, location: 2F
2-2: Strikes out swinging
Top of the 4th over - 2 runs, 3 hits, 0 errors, 1 left on base; Bluff City 4 - Milwaukee 0
BOTTOM OF THE 4TH
Milwaukee Otters batting - Pitching for Bluff City Beasties : RHP Joe Grahe
Batting: RHB Carlos A. Martinez 0-0: Called Strike
0-1: Ball
1-1: Called Strike
1-2: Reached on error, E5 (Groundball, 56, EV 80.6 MPH)
Batting: LHB Brady Anderson 0-0: Ball
1-0: Swinging Strike
1-1: Ball
Wild Pitch!
Carlos A. Martinez to second
2-1: Foul Ball, location: 2F
2-2: Ball
3-2: Base on Balls
Batting: LHB Oddibe McDowell 0-0: Ball
1-0: TRIPLE (Flyball, 89XD, EV 101.9 MPH)
Carlos A. Martinez scores
Brady Anderson scores
Batting: LHB Frank Catalanotto 0-0: Ball
1-0: Called Strike
1-1: Foul Ball, location: 2F
1-2: DOUBLE (Groundball, 3L, EV 108.1 MPH)
Oddibe McDowell scores
Batting: RHB Robby Thompson 0-0: Ball
1-0: Ball
2-0: Fly out, F7 (Flyball, 7LMF, EV 93.8 MPH)
Batting: LHB Deion Sanders 0-0: Ball
1-0: Swinging Strike
1-1: Swinging Strike
1-2: Ball
2-2: Ground out 4-3 (Groundball, 4, EV 80.0 MPH)
Frank Catalanotto to third
Batting: RHB Joe Vitiello 0-0: Ball
1-0: Called Strike
1-1: Ball
2-1: Fly out, F4 (Popup, 4MD, EV 53.8 MPH)
Bottom of the 4th over - 3 runs, 2 hits, 1 error, 1 left on base; Bluff City 4 - Milwaukee 3
TOP OF THE 5TH
Bluff City Beasties batting - Pitching for Milwaukee Otters : LHP Allen Watson
Batting: LHB Paul Sorrento 0-0: Ball
1-0: SINGLE (Groundball, 6D, EV 104.4 MPH)
Batting: RHB Charlie Hayes 0-0: Called Strike
0-1: Foul Ball, location: 2F
0-2: Ball
1-2: Fly out, F8 (Flyball, 8LD, EV 97.5 MPH)
Batting: SHB Brian McRae Balk!
Paul Sorrento to second
0-0: Called Strike
0-1: Ball
1-1: Swinging Strike
1-2: Fly out, F4 (Popup, 4D, EV 64.4 MPH)
Batting: RHB Walt McKeel 0-0: SINGLE (Flyball, 9S, EV 81.3 MPH)
Paul Sorrento to third
Runner from 3rd tries for Home, SAFE, throw by RF to home
Batting: RHB Tom Evans 0-0: Called Strike
0-1: Foul Ball, location: 2F
0-2: Ball
1-2: Foul Ball, location: 2F
1-2: Fielders Choice at 2nd, 6-4 (Groundball, 6, EV 90.0 MPH)
Top of the 5th over - 1 run, 2 hits, 0 errors, 1 left on base; Bluff City 5 - Milwaukee 3
BOTTOM OF THE 5TH
Milwaukee Otters batting - Pitching for Bluff City Beasties : RHP Joe Grahe
Batting: LHB Lou Whitaker 0-0: Ball
1-0: Ball
2-0: Swinging Strike
2-1: Foul Ball, location: 2F
2-2: Foul Ball, location: 2F
2-2: Fly out, F6 (Popup, 6M, EV 74.4 MPH)
Batting: RHB Chris Sabo 0-0: Called Strike
0-1: Swinging Strike
0-2: Ball
1-2: Ball
2-2: Strikes out swinging
Batting: RHB Carlos A. Martinez 0-0: DOUBLE (Groundball, 5L, EV 101.9 MPH)
Batting: LHB Brady Anderson 0-0: Foul Ball, location: 2F
0-1: Ball
1-1: Ground out 5-3 (Groundball, 5, EV 90.6 MPH)
Bottom of the 5th over - 0 runs, 1 hit, 0 errors, 1 left on base; Bluff City 5 - Milwaukee 3
TOP OF THE 6TH
Bluff City Beasties batting - Pitching for Milwaukee Otters : LHP Allen Watson
Pitching: RHP Marc Pisciotta
Batting: RHB Pat Watkins 0-0: Called Strike
0-1: Ball
1-1: Ball
2-1: Foul Ball, location: 2F
2-2: Foul Ball, location: 2F
2-2: Strikes out swinging
Batting: LHB Jeff Treadway 0-0: Ball
1-0: Ball
2-0: SINGLE (Line Drive, 6D, EV 108.1 MPH)
Batting: SHB Felix Jose 0-0: Swinging Strike
Passed Ball!
Jeff Treadway to second
0-1: Called Strike
0-2: Ball
1-2: Foul Ball, location: 2F
1-2: Ball
Wild Pitch!
Jeff Treadway to third
2-2: Ball
3-2: Foul Ball, location: 2F
3-2: Base on Balls
Pitching: RHP Mark Clear
Batting: RHB Jeff Manto 0-0: SINGLE (Groundball, 56, EV 108.8 MPH) (infield hit)
Jeff Treadway scores
Felix Jose to second
Batting: LHB Paul Sorrento 0-0: Called Strike
0-1: Swinging Strike
0-2: Ball
Passed Ball!
Felix Jose to third
Jeff Manto to second
1-2: Ball
2-2: SINGLE (Groundball, 15S, EV 68.8 MPH) (infield hit)
Batting: RHB Charlie Hayes 0-0: SINGLE (Groundball, 56D, EV 106.9 MPH)
Felix Jose scores
Jeff Manto to third
Paul Sorrento to second
Batting: SHB Brian McRae 0-0: Ball
1-0: Fly out, F8 (Flyball, 8LM, EV 78.1 MPH)
Runner from 3rd tags up, OUT at HOME! 8-2
Top of the 6th over - 2 runs, 4 hits, 0 errors, 2 left on base; Bluff City 7 - Milwaukee 3
BOTTOM OF THE 6TH
Milwaukee Otters batting - Pitching for Bluff City Beasties : RHP Joe Grahe
Batting: LHB Oddibe McDowell 0-0: Called Strike
0-1: Foul Ball, location: 2F
0-2: Ball
1-2: Ball
2-2: Ball
3-2: Ground out 6-3 (Groundball, 6, EV 86.3 MPH)
Pitching: RHP Marty Janzen
Batting: LHB Frank Catalanotto 0-0: Ball
1-0: Ball
2-0: Called Strike
2-1: Ball
3-1: Base on Balls
Batting: RHB Robby Thompson 0-0: Ball
1-0: Foul Ball, location: 2F
1-1: Fly out, F8 (Flyball, 8LD, EV 98.1 MPH)
Batting: LHB Deion Sanders 0-0: Ball
1-0: Foul Ball, location: 2F
1-1: Called Strike
1-2: Fly out, F5 (Line Drive, 5, EV 63.1 MPH)
Bottom of the 6th over - 0 runs, 0 hits, 0 errors, 1 left on base; Bluff City 7 - Milwaukee 3
TOP OF THE 7TH
Bluff City Beasties batting - Pitching for Milwaukee Otters : RHP Mark Clear
Batting: RHB Walt McKeel 0-0: Called Strike
0-1: Ball
1-1: Ball
2-1: Ball
3-1: Base on Balls
Batting: RHB Tom Evans 0-0: Called Strike
0-1: Foul Ball, location: 2F
0-2: Strikes out swinging
Batting: RHB Pat Watkins 0-0: Called Strike
0-1: Ball
1-1: Ball
2-1: Ball
3-1: Fly out, F4 (Flyball, 3D, EV 89.4 MPH)
Batting: LHB Jeff Treadway 0-0: Called Strike
0-1: Ball
1-1: Ball
Passed Ball!
Walt McKeel to second
2-1: Called Strike
2-2: Ground out U3 (Groundball, 34, EV 80.0 MPH)
Top of the 7th over - 0 runs, 0 hits, 0 errors, 1 left on base; Bluff City 7 - Milwaukee 3
BOTTOM OF THE 7TH
Milwaukee Otters batting - Pitching for Bluff City Beasties : RHP Marty Janzen
Batting: RHB Joe Vitiello 0-0: Called Strike
0-1: SINGLE (Groundball, 6MD, EV 103.8 MPH)
Pitching: RHP John LeRoy
Batting: LHB Lou Whitaker 0-0: Fly out, F7 (Flyball, 78D, EV 106.3 MPH)
Batting: RHB Chris Sabo 0-0: Fly out, F9 (Flyball, 89M, EV 79.4 MPH)
Batting: RHB Carlos A. Martinez 0-0: Fly out, F9 (Flyball, 9, EV 97.5 MPH)
Bottom of the 7th over - 0 runs, 1 hit, 0 errors, 1 left on base; Bluff City 7 - Milwaukee 3
TOP OF THE 8TH
Bluff City Beasties batting - Pitching for Milwaukee Otters : RHP Mark Clear
Batting: SHB Felix Jose 0-0: DOUBLE (Line Drive, 78XD, EV 100.6 MPH)
Pitching: RHP Dan Miceli
Batting: RHB Jeff Manto 0-0: Foul Ball, location: 2F
0-1: SINGLE (Flyball, 8LS, EV 84.4 MPH)
Felix Jose to third
Batting: LHB Paul Sorrento 0-0: Foul Ball, location: 2F
0-1: Foul Ball, location: 2F
0-2: Ball
1-2: Ball
2-2: Fly out, F4 (Popup, 4M, EV 80.6 MPH)
Pitching: RHP Todd Ritchie
Batting: RHB Charlie Hayes 0-0: Called Strike
0-1: Ball
1-1: Ball
2-1: SINGLE (Line Drive, 9LS, EV 101.9 MPH)
Felix Jose scores
Jeff Manto to second
Pitching: LHP Mike Myers
Batting: SHB Brian McRae 0-0: Swinging Strike
0-1: Ball
1-1: Foul Ball, location: 2F
1-2: Ball
2-2: Fielders Choice at 2nd, 2-4 (Groundball, 2L, EV 68.1 MPH)
Jeff Manto to third
Batting: RHB Walt McKeel 0-0: Called Strike
0-1: Ball
1-1: Foul Ball, location: 2F
1-2: 3-RUN HOME RUN (Flyball, 7D, EV 107.5 MPH), Distance : 385 ft
Batting: RHB Tom Evans 0-0: Ball
1-0: Foul Ball, location: 2F
1-1: Called Strike
1-2: Strikes out looking
Top of the 8th over - 4 runs, 4 hits, 0 errors, 0 left on base; Bluff City 11 - Milwaukee 3
BOTTOM OF THE 8TH
Milwaukee Otters batting - Pitching for Bluff City Beasties : RHP John LeRoy
Batting: LHB Brady Anderson 0-0: Ball
1-0: Called Strike
1-1: SINGLE (Groundball, 56D, EV 109.4 MPH)
Batting: LHB Oddibe McDowell 0-0: Ball
1-0: Ball
2-0: Called Strike
2-1: Foul Ball, location: 2F
2-2: Ball
3-2: Strikes out looking
Batting: LHB Frank Catalanotto 0-0: Ball
1-0: Ball
2-0: Swinging Strike
2-1: Ball
3-1: Called Strike
3-2: Base on Balls
Brady Anderson to second
Pinch Hitting: RHB Tony Graffanino 0-0: Ball
1-0: Swinging Strike
1-1: Swinging Strike
1-2: Ball
Wild Pitch!
Brady Anderson to third
Frank Catalanotto to second
2-2: Ball
3-2: Fly out, F9 (Line Drive, 9D, EV 96.9 MPH)
Runner from 3rd tags up, SCORES, throw by RF
Batting: LHB Deion Sanders 0-0: Called Strike
0-1: Called Strike
0-2: Foul Ball, location: 2F
0-2: Ball
1-2: Ball
2-2: Ball
3-2: Base on Balls
Pitching: RHP Mark Small
Batting: RHB Joe Vitiello 0-0: Fly out, F9 (Flyball, 9S, EV 88.8 MPH)
Bottom of the 8th over - 1 run, 1 hit, 0 errors, 2 left on base; Bluff City 11 - Milwaukee 4
TOP OF THE 9TH
Bluff City Beasties batting - Pitching for Milwaukee Otters : LHP Mike Myers
Now at SS: Tony Graffanino
Batting: RHB Pat Watkins 0-0: SINGLE (Line Drive, 4D, EV 96.9 MPH)
Batting: LHB Jeff Treadway 0-0: Ball
1-0: Ball
2-0: Ball
Passed Ball!
Pat Watkins to second
3-0: Base on Balls
Pitching: RHP Desi Relaford
Batting: SHB Felix Jose 0-0: Foul Ball, location: 2F
0-1: Called Strike
0-2: Ball
1-2: Strikes out looking
Batting: RHB Jeff Manto 0-0: Foul Ball, location: 2F
0-1: Called Strike
0-2: Ball
1-2: Ball
2-2: Ball
Wild Pitch!
Pat Watkins to third
Jeff Treadway to second
3-2: Base on Balls
Pinch Hitting: RHB Angelo Encarnacion 0-0: Ball
1-0: Swinging Strike
1-1: Called Strike
1-2: Strikes out swinging
Batting: RHB Charlie Hayes 0-0: Ball
1-0: Ball
2-0: Ball
3-0: Base on Balls
Pat Watkins scores
Jeff Treadway to third
Jeff Manto to second
Batting: SHB Brian McRae 0-0: SINGLE (Line Drive, 89S, EV 111.9 MPH)
Jeff Treadway scores
Jeff Manto to third
Charlie Hayes to second
Batting: RHB Walt McKeel 0-0: Ball
1-0: Foul Ball, location: 2F
1-1: Fly out, F7 (Flyball, 7S, EV 88.1 MPH)
Top of the 9th over - 2 runs, 2 hits, 0 errors, 3 left on base; Bluff City 13 - Milwaukee 4
BOTTOM OF THE 9TH
Milwaukee Otters batting - Pitching for Bluff City Beasties : RHP Mark Small
Now at 2B: Carney Lansford
Batting: LHB Lou Whitaker 0-0: Foul Ball, location: 2F
0-1: Ball
1-1: Ball
2-1: Foul Ball, location: 2F
2-2: Foul Ball, location: 2F
2-2: Ball
3-2: Base on Balls
Batting: RHB Chris Sabo 0-0: Ball
1-0: Ball
2-0: Foul Ball, location: 2F
2-1: Ball
3-1: Swinging Strike
3-2: Fly out, F7 (Line Drive, 7, EV 94.4 MPH)
Batting: RHB Carlos A. Martinez 0-0: Foul Ball, location: 2F
0-1: Fielders Choice at 2nd, 6-4 (Groundball, 6, EV 86.3 MPH)
Batting: LHB Brady Anderson 0-0: Ball
1-0: Ball
Wild Pitch!
Carlos A. Martinez to second
2-0: SINGLE (Flyball, 89M, EV 95.6 MPH)
Carlos A. Martinez to third
Batting: LHB Oddibe McDowell 0-0: Ball
1-0: Ball
Wild Pitch!
Carlos A. Martinez scores
Brady Anderson to second
2-0: Called Strike
2-1: Called Strike
2-2: Ball
3-2: DOUBLE (Line Drive, 7LD, EV 103.1 MPH)
Brady Anderson scores
Batting: LHB Frank Catalanotto 0-0: Ball
1-0: Called Strike
1-1: Foul Ball, location: 2F
1-2: Ball
2-2: Ball
3-2: Fly out, F7 (Line Drive, 7, EV 86.3 MPH)
Bottom of the 9th over - 2 runs, 2 hits, 0 errors, 1 left on base; Bluff City 13 - Milwaukee 6
Tuesday, February 3rd, 2026 - OOTP Baseball 20.8 Build 74